 Dungeon Crawl Stone Soup version 0.18-b1-2-gd0c887e (webtiles) character file.

29 ololoev the Slasher (level 3, 26/29 HPs)
             Began as a Mummy Chaos Knight on Apr 28, 2016.
             Quit the game on level 2 of the Dungeon.
             The game lasted 00:01:34 (941 turns).

ololoev the Slasher (Mummy Chaos Knight)             Turns: 941, Time: 00:01:35

Health: 26/29      AC:  5    Str: 16    XL:     3   Next: 1%
Magic:  3/3        EV: 11    Int: 11    God:    Xom [.*....]
Gold:   31         SH:  0    Dex: 11    Spells: 0 memorised, 2 levels left

rFire  x . .     SeeInvis .     f - +1 short sword (drain)
rCold  + . .     Gourm    .     b - +2 leather armour
rNeg   + + +     Faith    .     (no shield)
rPois  ∞         Spirit   .     (no helmet)
rElec  .         Dismiss  .     (no cloak)
rCorr  .         Reflect  .     (no gloves)
SustAt .         Harm     .     (no boots)
MR     .....                    (no amulet)
Stlth  +.........               (no ring)
                                (no ring)

@: not resistant to hostile enchantments, very unstealthy
A: no food or potions, fire vulnerability, cold resistance 1, negative energy
resistance 3, torment resistance, unbreathing
a: Renounce Religion


Innate Abilities, Weirdness & Mutations

You do not eat or drink.
Your flesh is vulnerable to fire.
You are immune to poison.
Your flesh is cold resistant.
You are immune to negative energy.
You are immune to unholy pain and torment.
You can survive without breathing.

Inventory:

Hand Weapons
 a - a +0 falchion of chaos
 f - a +1 short sword of draining (weapon)
Armour
 b - a +2 leather armour (worn)
Scrolls
 c - a scroll of magic mapping {unknown}
 d - 3 scrolls of identify {unknown}
 e - a scroll of teleportation {unknown}
 g - a scroll of remove curse {unknown}


   Skills:
 - Level 3.0 Fighting
 * Level 3.4 Long Blades
 - Level 1.5 Armour
 - Level 0.7 Dodging


You had 2 spell levels left.
You didn't know any spells.


You were on level 2 of the Dungeon.
You worshipped Xom.
You were a plaything of Xom.
You were not hungry.

You visited 1 branch of the dungeon, and saw 2 of its levels.

You collected 31 gold pieces.

.. #.# . #.# .
... .# #.###.#
.# #.#...# .#
...#.#######.#
#.#.........#
#.@.†.......#
#)#######...#
#.#....<#...#
#.###.###...#
#.#.........#
#.########..#
#. .........#
## ########.#
........#

Notes
Turn   | Place    | Note
--------------------------------------------------------------
     0 | D:1      | ololoev the Mummy Chaos Knight began the quest for the Orb.
     0 | D:1      | Reached XP level 1. HP: 18/18 MP: 1/1
   250 | D:1      | XOM: smoke on damage
   338 | D:1      | Reached XP level 2. HP: 24/24 MP: 2/2
   765 | D:1      | XOM: divination: detect items
   940 | D:2      | Reached XP level 3. HP: 26/29 MP: 3/3
   941 | D:2      | Quit the game

Dungeon Overview and Level Annotations

Branches:
Dungeon (2/15)

Altars:


Message History

Done exploring.
Done exploring.
Done exploring.
Done exploring.
You start resting.
HP restored.
(D) Dungeon
Where to? (? - help)
You see here a dart slug corpse.
A giant cockroach comes into view.
You hit the giant cockroach. You drain the giant cockroach!
You kill the giant cockroach!
No target in view!
No target in view!
No target in view!
No target in view!
No target in view!
No target in view!
No target in view!
No target in view!
No target in view!
No target in view!
No target in view!
No target in view!
No target in view!
(D) Dungeon
Where to? (Enter - D:2, ? - help)
There is a stone staircase leading down here.
You climb downwards.
There is a stone staircase leading up here.
A bat comes into view.
Found 14 gold pieces.
A bat is nearby!
A bat is nearby!
A bat is nearby!
The bat completely misses you. The bat hits you.
You barely miss the bat. The bat misses you.
The bat hits you but does no damage. The bat hits you but does no damage.
You hit the bat.
You kill the bat!
No target in view!
No target in view!
No target in view!
No target in view!
No target in view!
No target in view!
No target in view!
No target in view!
No target in view!
No target in view!
No target in view!
No target in view!
No target in view!
No target in view!
No target in view!
No target in view!
No target in view!
You see here a bat corpse.
You now have 31 gold pieces (gained 14).
A hobgoblin comes into view. It is wielding a club.
The hobgoblin shouts!
A hobgoblin is nearby!
A hobgoblin is nearby!
A hobgoblin is nearby!
You hit the hobgoblin.
The hobgoblin is almost dead.
The hobgoblin closely misses you.
You hit the hobgoblin but do no damage.
The hobgoblin is almost dead.
You hit the hobgoblin but do no damage.
The hobgoblin is almost dead.
The hobgoblin hits you with a club.
You hit the hobgoblin.
You kill the hobgoblin!
You have reached level 3!
Your experience leads to an increase in your attributes!
Increase (S)trength, (I)ntelligence, or (D)exterity?
You feel stronger.
Are you sure you want to abandon this character and quit the game? (Confirm with "yes".)

There were no monsters in sight!

Vanquished Creatures
  A dart slug (D:1)
  A giant gecko (D:1)
  3 ball pythons (D:1)
  6 bats
  2 giant cockroaches (D:1)
  A goblin (D:1)
  4 hobgoblins
  2 jackals (D:1)
  2 kobolds (D:1)
22 creatures vanquished.

Action                   || total
-------------------------++-------
Melee: Falchion          ||    13
       Short sword       ||    74
Armor: Leather armour    ||    29
Dodge: Dodged            ||    56

Vault maps used:
D:1:      minmay_arrival_shoal_huts
D:2:      zin_scriptorium
